Banto, chaotic male orcish Wizard ------- |.....| +.....| |....<| # |.....| #-.....| #------- # # # # ### ## ## -------|----- ....%!......| |...C@...h..| ....f)......| |........>... ------------- Banto the Thaumaturge Experience level: 6 Strength: 10 Dexterity: 18 Constitution: 14 Intelligence: 16 Wisdom: 9 Charisma: 8 Health: 0(37) Energy: 32(47) AC: 8 Gold: 827 Moves: 3370 Your Inventory: Coins $ - 827 gold pieces Amulets E - an [uncursed] elliptic amulet [of reflection] Weapons a - a blessed +2 quarterstaff (weapon in hands) Armor b - an uncursed +0 cloak of magic resistance (being worn) B - an [uncursed] +0 pair of walking shoes [low] (being worn) Comestibles J - an [uncursed] tin [of spinach] K - an [uncursed] tin [of kitten meat] L - an [uncursed] tin [of dwarf meat] M - an [uncursed] tin [of newt meat] N - a [blessed] tin [of pony meat] O - an [uncursed] tin [of hobbit meat] P - an [uncursed] tin [of giant ant meat] Q - a [blessed] tin [of orc shaman meat] Scrolls h - 2 uncursed scrolls of scare monster i - an uncursed scroll of gold detection j - an uncursed scroll of remove curse A - a [blessed] scroll labeled LEP GEX VEN ZEA [of create monster] S - an [uncursed] scroll labeled LEP GEX VEN ZEA [of create monster] U - an [uncursed] scroll labeled KIRJE [of earth] Spellbooks k - a blessed spellbook of force bolt l - an uncursed spellbook of magic missile n - a [blessed] paperback spellbook [of cancellation] p - an [uncursed] spellbook of magic missile H - an [uncursed] spellbook of force bolt Potions f - 2 uncursed potions of fruit juice g - an uncursed potion of healing z - an [uncursed] clear potion [of water] Rings d - an uncursed ring of invisibility e - an uncursed ring of sustain ability x - an [uncursed] ring of sustain ability (on left hand) Wands c - an uncursed wand of undead turning (0:5) y - an [uncursed] plastic wand [of striking (0:6)] R - an [uncursed] wand of magic missile [0:6] T - an [uncursed] zinc wand [of sleep (0:5)] Tools m - an uncursed blindfold s - an [uncursed] expensive camera [0:57] t - an [uncursed] lock pick Gems q - an [uncursed] white gem [worthless glass] r - an [uncursed] blue gem [worthless glass] G - an [uncursed] violet gem [worthless glass] Spells known in the end: Name Level Category Fail Memory a - force bolt 1 attack 0% [|||||||.] b - magic missile 2 attack 0% [||||||||] Your skills at the end: Fighting Skills Weapon Skills quarterstaff [Basic / Expert] Spellcasting Skills attack spells [Basic / Expert] enchantment spells [Basic / Skilled] Final Attributes: You were piously aligned. Hunger level was 565. Your alignment was 26 / 26. Monster difficulty range was 1 - 6. Level difficulty was 6. You were immune to poison. You were magic-protected. You were telepathic. You had infravision. You had fixed abilities. Your luck was zero. You are dead. Vanquished creatures: a small mimic an ape a bugbear a rock piercer a shrieker 2 violet fungi 5 elf zombies 3 floating eyes a kobold lord 2 rothes an acid blob 2 hobbits 2 manes a large kobold a yellow mold a green mold a red mold 2 gnomes 6 garter snakes a gnome zombie a gecko 7 jackals 3 foxes a kobold 2 sewer rats 12 grid bugs 5 lichens 3 kobold zombies 2 newts 72 creatures vanquished. Voluntary challenges: You were an atheist. You used a wielded weapon 73 times. You read items or engraved 4 times. You put on armor 5 times. You never genocided any monsters. You never polymorphed an object. You never changed form. You used no wishes. You never wrote Elbereth's name. You never encountered a bones level. You never used any Sokoban shortcuts. Dungeon overview: The Dungeons of Doom: levels 1 to 6 Level 1 an altar a long staircase Level 2 a long staircase Level 5 a tin shop Level 6 <- You were here History has recorded: On T:1 you entered the Dungeons of Doom to retrieve the Amulet of Yendor! On T:410 you advanced to experience level 2. On T:547 you reached level 2 of The Dungeons of Doom. On T:607 you advanced to experience level 3. On T:1041 you advanced to experience level 4. On T:1254 you reached level 3 of The Dungeons of Doom. On T:1580 you reached level 4 of The Dungeons of Doom. On T:1582 you advanced to experience level 5. On T:2324 you advanced to experience level 6. On T:2607 you reached level 5 of The Dungeons of Doom. On T:3338 you reached level 6 of The Dungeons of Doom. Latest messages: The housecat eats an ape corpse. The plains centaur shoots a crossbow bolt! The crossbow bolt hits the housecat. The plains centaur shoots a crossbow bolt! You are hit by a crossbow bolt. [HP-3=13] The spell misses the plains centaur. The plains centaur swings his crossbow. The plains centaur hits! The plains centaur kicks! [HP-6=7] The spell hits the plains centaur! The plains centaur swings his crossbow. The plains centaur hits! The plains centaur kicks! The plains centaur swings his crossbow. The plains centaur hits! You die... Final status: Goodbye Banto the Wizard... You died in The Dungeons of Doom on dungeon level 6 with 2867 points, and 827 pieces of gold, after 3370 moves. You were level 6 with a maximum of 37 hit points when you died.